 Dungeon Crawl Stone Soup version 0.23.2-1-ga50397a (webtiles) character file.

Game seed: 7371879168240091296

100 Iscandelvey the Vexing (level 4, 32/32 HPs)
             Began as a Demonspawn Arcane Marksman on May 2, 2019.
             Quit the game on level 2 of the Dungeon.
             The game lasted 00:01:22 (1275 turns).

Iscandelvey the Vexing (Demonspawn Arcane Marksman) Turns: 1275, Time: 00:01:22

Health: 32/32      AC:  4    Str: 10    XL:     4   Next: 46%
Magic:  5/5        EV: 12    Int: 16    God:
Gold:   105        SH:  0    Dex: 13    Spells: 4/5 levels left

rFire    . . .     SeeInvis .   a - +0 hand crossbow
rCold    . . .     Gourm    .   (no shield)
rNeg     . . .     Faith    .   e - +0 robe
rPois    .         Spirit   .   (no helmet)
rElec    .         Reflect  .   (no cloak)
rCorr    .         Harm     .   (no gloves)
MR       .....                  (no boots)
Stlth    +.........             (no amulet)
HPRegen  0.10/turn              (no ring)
MPRegen  0.09/turn              (no ring)

@: no status effects
A: yellow scales 1
a: no special abilities


You were on level 2 of the Dungeon.
You were not hungry.

You visited 1 branch of the dungeon, and saw 2 of its levels.

You collected 105 gold pieces.

Inventory:

Hand Weapons
 a - a +0 hand crossbow (weapon)
Missiles
 d - 17 bolts (quivered)
Armour
 e - a +0 robe (worn)
Scrolls
 c - 2 scrolls of teleportation {unknown}
 h - 3 scrolls of remove curse {unknown}
 j - 3 scrolls of identify {unknown}
 l - 2 scrolls of enchant armour {unknown}
 m - a scroll of random uselessness {unknown}
 n - a scroll of amnesia {unknown}
Potions
 b - 4 potions of flight {unknown}
 g - 2 potions of degeneration {unknown}
 i - 2 potions of heal wounds {unknown}
 k - a potion of haste {unknown}
Comestibles
 f - 4 rations


   Skills:
 + Level 1.5 Fighting
 + Level 3.4 Crossbows
 + Level 2.0 Dodging
 + Level 1.0 Spellcasting
 + Level 3.7 Hexes


You had 4 spell levels left.
You knew the following spells:

 Your Spells              Type           Power        Failure   Level  Hunger
a - Corona                Hex            ##.....      4%          1    ##.....

Your spell library contained the following spells:

 Spells                   Type           Power        Failure   Level  Hunger
 Slow                     Hex            ##......     8%          2    ###....
 Inner Flame              Hex/Fire       #.......     32%         3    ####...
 Portal Projectile        Hex/Tloc       #.....       32%         3    ####...
 Cause Fear               Hex            ##........   45%         4    #####..
 Leda's Liquefaction      Hex/Erth       #.........   71%         4    #####..


Dungeon Overview and Level Annotations

Branches:
Dungeon (2/15)

Altars:
Elyvilon
Xom


Innate Abilities, Weirdness & Mutations

You are partially covered in yellow scales. (AC +2)


Message History

a +0 club; a goblin corpse No target in view!
You are feeling very hungry.
No target in view!
You butcher the rat corpse.
o - a chunk of flesh You see here a rat skeleton. x2
Eating a chunk of flesh.
You eat the chunk of flesh.
This raw flesh tastes terrible.
There is a stone staircase leading down here.
Done exploring.
No target in view!
Done exploring.
No target in view!
Done exploring.
No target in view!
Done exploring.
No target in view!
Done exploring.
Are you sure you want to abandon this character and quit the game? (Confirm with "yes".)

.......# ##.#.# #...#
.......######...# #♣.8#
..(...........#.# #...#
.(......#####...# #8.8#
.÷....#.# ##..# #...#
....###.# #..# #8.8#
#.......# #.># #...#
#.#.##### ##.######♣.8###
#.#.# #.@....#...#.# #.#.#
########8.♣#.## #.#(#
#...#..# ..#.# ##.....# ###.#
#####.#
###########################.#
............................#
#..#..#..#..#..#..#..#..#...#
........................†...#


There were no monsters in sight!

Vanquished Creatures
  3 adders (D:2)
  2 oozes (D:1)
  A worm (D:2)
  A dart slug (D:1)
  5 leopard geckos
  A ball python (D:1)
  3 giant cockroaches
  4 hobgoblins (D:1)
  6 jackals (D:1)
  12 bats
  4 frilled lizards (D:2)
  5 goblins
  4 kobolds
  4 rats
55 creatures vanquished.

Notes
Turn   | Place    | Note
-------+----------+-------------------------------------------
     0 | D:1      | Iscandelvey the Demonspawn Arcane Marksman began the quest
                  | for the Orb.
     0 | D:1      | Reached XP level 1. HP: 15/15 MP: 2/2
    35 | D:1      | Gained mutation: You are partially covered in yellow
                  | scales. (AC +2) [demonic ancestry]
    35 | D:1      | Reached XP level 2. HP: 14/21 MP: 3/3
   241 | D:1      | Reached XP level 3. HP: 18/26 MP: 4/4
   659 | D:2      | Found a white marble altar of Elyvilon.
  1021 | D:2      | Reached XP level 4. HP: 32/32 MP: 5/5
  1194 | D:2      | Found a shimmering altar of Xom.
  1275 | D:2      | Quit the game

Skill      XL: |  1  2  3 |
---------------+----------+-----
Crossbows      | 2 3 |  3.4
Dodging        | 2 |  2.0
Fighting       | |  1.5
Spellcasting   | |  1.0
Hexes          | |  3.7

Action                   |  1- 3 |  4- 6 || total
-------------------------+-------+-------++-------
 Fire: Hand crossbow     |   109 |    17 ||   126
  Eat: Chunk             |       |     1 ||     1
Armor: Robe              |    23 |     2 ||    25
Dodge: Dodged            |    48 |     5 ||    53
